 Dungeon Crawl Stone Soup version 0.29-a0-284-gf9362112df (webtiles) character file.

Game seed: 11987470416222517944

5758 Rohain the Arsonist (level 10, -5/69 HPs)
             Began as a Yellow Draconian Fire Elementalist on Mar 31, 2022.
             Was a Follower of Vehumet.
             Slain by a vampire (10 damage)
             ... on level 9 of the Dungeon.
             The game lasted 00:26:00 (12677 turns).

Rohain the Arsonist (DrFE)                         Turns: 12677, Time: 00:26:01

Health: -5/69      AC: 12    Str: 10      XL:     10   Next: 49%
Magic:  9/30       EV: 12    Int:  6 (17) God:    Vehumet [*.....]
Gold:   383        SH:  0    Dex: 13      Spells: 8/23 levels left

rFire   + + .      SeeInvis .   r - staff of fire
rCold   . . .      Faith    .   f - orb {*channel}
rNeg    . . .      Spirit   .   (body armour unavailable)
rPois   .          Reflect  .   (helmet restricted)
rElec   .          Harm     .   h - +2 cloak
rCorr   +          Rampage  .   x - +0 pair of gloves
Will    .....                   t - +0 pair of boots
Stlth   ++........              (no amulet)
HPRegen 0.21/turn               d - ring of protection from fire
MPRegen 0.22/turn               n - ring of magical power

@: slowed, very slow
A: spit acid, AC +7, unfitting armour, cold-blooded, acid resistance, dopey 1
a: Breathe Acid, Renounce Religion


You were on level 9 of the Dungeon.
You worshipped Vehumet.
Vehumet was aware of your devotion.
You visited 2 branches of the dungeon, and saw 10 of its levels.

You collected 383 gold pieces.

Inventory:

Missiles
 s - a throwing net
Armour
 f - an orb of energy (worn)
 h - a +2 cloak (worn)
 t - a +0 pair of boots (worn)
 x - a +0 pair of gloves (worn)
Magical Staves
 b - a staff of air
 r - a staff of fire (weapon)
Jewellery
 d - a ring of protection from fire (left hand)
 i - a +6 ring of strength
 n - a ring of magical power (right hand)
 p - a +4 ring of slaying
 y - a ring of protection from cold
Wands
 e - a wand of polymorph (5)
 j - a wand of paralysis (7)
Scrolls
 c - 2 scrolls of teleportation
 g - a scroll of enchant weapon
 l - a scroll of amnesia
 o - a scroll of fog
Potions
 a - a potion of invisibility
 m - 3 potions of lignification
 u - 2 potions of cancellation
 v - a potion of berserk rage
 w - a potion of brilliance
 A - a potion of resistance
 B - 2 potions of flight


   Skills:
 - Level 1.7 Dodging
 - Level 1.7 Stealth
 + Level 7.4 Spellcasting
 + Level 7.9 Conjurations
 - Level 2.9 Summonings
 + Level 8.4 Fire Magic
 + Level 7.5 Evocations


You had 8 spell levels left.
You knew the following spells:

 Your Spells              Type           Power      Damage    Failure   Level
a - Foxfire               Conj/Fire      72%        2x1d7     1%          1
b - Scorch                Fire           36%        2d6       1%          2
c - Conjure Flame         Conj/Fire      18%        6-21      2%          3
d - Inner Flame           Hex/Fire       10%        N/A       13%         3
e - Call Imp              Summ           5%         N/A       11%         2
f - Flame Wave            Conj/Fire      18%        2d6       9%          4

Your spell library contained the following spells:

 Spells                   Type           Power      Damage    Failure   Level
 Shock                    Conj/Air       24%        1d4       4%          1
 Magic Dart               Conj           44%        1d5       1%          1
 Mephitic Cloud           Conj/Pois/Air  5%         N/A       24%         3
 Sublimation of Blood     Necr           2%         N/A       34%         2
 Wereblood                Tmut           2%         N/A       34%         2
 Summon Hydra             Summ           2%         N/A       100%        7


Dungeon Overview and Level Annotations

Branches:
Dungeon (9/15)             Temple (1/1) D:6
   Lair: D:8-11         Orc: D:9-12

Altars:
Ashenzari
Cheibriados
Dithmenos
Elyvilon
Fedhas
Gozag
Hepliaklqana
Kikubaaqudgha
Makhleb
Nemelex Xobeh
Okawaru
Qazlal
Ru
Sif Muna
Trog
Uskayaw
Vehumet
Wu Jian
Xom
Yredelemnul
Zin
The Shining One

Annotations:
D:4 2 transporters, DrKleor's ghost, novice FoFi
D:6 1 runed translucent door, Crazy Yiuf


Innate Abilities, Weirdness & Mutations

You can spit globs of acid.
Your golden yellow scales are hard. (AC +7)
You cannot fit into any form of body armour.
You are cold-blooded and may be slowed by cold attacks.
You are resistant to acid. (rCorr)
You are dopey. (Int -2)


Message History

* * * LOW HITPOINT WARNING * * *
Something draws strength from your injuries!
Casting: Scorch (safe; 1% risk of failure)
Confirm with . or Enter, or press ? or * to list all spells.
You feel a surge of power!
Flames lash the wraith.
The wraith is severely damaged.
The wraith's fire resistance burns away.
The wraith hits you but does no damage. Something hits you but does no damage.
Something bites you.
* * * LOW HITPOINT WARNING * * *
Something draws strength from your injuries!
Something hits you but does no damage. Something bites you but does no damage.
The wraith hits you.
* * * LOW HITPOINT WARNING * * *
The wraith drains your vigour!
You feel as though you will be slow longer.
You feel much better. The wraith closely misses you.
Something hits you but does no damage. Something barely misses you.
Casting: Scorch (safe; 1% risk of failure)
Confirm with . or Enter, or press ? or * to list all spells.
You feel a surge of power!
You conjure some foxfire!
The wraith barely misses you. Something barely misses you. Something bites you.
* * * LOW HITPOINT WARNING * * *
Something draws strength from your injuries!
The wraith misses you. Something hits you but does no damage.
Something bites you but does no damage.
Casting: Foxfire (safe; 1% risk of failure)
Confirm with . or Enter, or press ? or * to list all spells.
You feel a surge of power!
Flames lash something but do no damage.
The wraith is no longer more vulnerable to fire.
The foxfire hits the wraith but does no damage.
The wraith is severely damaged.
The foxfire hits the wraith.
The wraith is severely damaged.
The wraith hits you.
* * * LOW HITPOINT WARNING * * *
Something hits you!
* * * LOW HITPOINT WARNING * * *
Something bites you!
You die...

............#####.#
)........####....##y.#
.
.............##§###yy#
.. ..........### # #h#
.............# y.
.............## #. ..
...........[..# #. ..
#....#W{..##)# #.## ..
#..@.#.##.## ..##..
##§..#..#..####[....
...#........#.......
....##.###..........#.
...... .#
##........... ......
.. #...........# .....
.#......>....... .....
..#....>.......#
#....#...........


You could see a wraith.

Vanquished Creatures
  Pikel (D:5)
  A manticore (D:6)
  Maggie (D:8)
  Psyche (D:8)
  Grinder (D:4)
  Sigmund (D:3)
  4 yaks
  A wyvern (D:9)
  Duvessa (D:7)
  4 water moccasins
  A sky beast (D:6)
  A black bear (D:5)
  2 ice beasts
  2 centaurs
  An ogre (D:6)
  2 lemures (D:5)
  A phantom (D:5)
  A kobold brigand (D:6)
  3 bullfrogs
  A gnoll sergeant (D:8)
  3 scorpions
  Dowan (D:7)
  7 killer bees
  4 howler monkeys
  A jelly (D:8)
  2 gnoll shamans (D:7)
  7 orc priests
  2 hounds (D:5)
  Jessica (D:3)
  4 iguanas
  7 orc wizards
  21 gnolls
  5 adders
  A shadow imp (D:5)
  5 worms
  6 dart slugs
  36 orcs
  5 endoplasms
  5 giant cockroaches
  8 goblins
  10 hobgoblins
  6 jackals
  6 quokkas
  7 ball pythons
  6 bats
  16 kobolds
  6 rats
219 creatures vanquished.

Vanquished Creatures (collateral kills)
  A gnoll (D:8)
1 creature vanquished.

Vanquished Creatures (others)
  627 foxfires
627 creatures vanquished.

Grand Total: 847 creatures vanquished

Notes
Turn   | Place    | Note
-------+----------+-------------------------------------------
     0 | D:1      | Rohain the Draconian Fire Elementalist began the quest for
                  | the Orb.
     0 | D:1      | Reached XP level 1. HP: 14/14 MP: 3/3
    92 | D:1      | Reached XP level 2. HP: 13/20 MP: 0/5
   486 | D:1      | Found a faded altar of an unknown god.
   948 | D:2      | Reached XP level 3. HP: 18/26 MP: 0/6
  2111 | D:2      | Reached XP level 4. HP: 33/33 MP: 2/8
  2272 | D:3      | Noticed Jessica
  2278 | D:2      | Learned a level 2 spell: Scorch
  2281 | D:3      | Killed Jessica
  2282 | D:3      | Reached skill level 1 in Evocations
  2491 | D:3      | Noticed a scorpion
  2506 | D:3      | Killed a scorpion
  2507 | D:3      | Reached skill level 4 in Fire Magic
  2507 | D:3      | Reached XP level 5. HP: 21/38 MP: 6/9
  2786 | D:3      | Noticed Sigmund
  2789 | D:3      | Killed Sigmund
  2790 | D:3      | Reached XP level 6. HP: 35/45 MP: 3/11
  3827 | D:4      | Found a transporter.
  3956 | D:4      | Found the +7 great mace "Undeadhunter" {disrupt, rN+}
  4370 | D:4      | Found a transporter.
  4370 | D:4      | Noticed DrKleor's ghost (novice FoFi)
  4649 | D:4      | Noticed Grinder
  4670 | D:4      | Killed Grinder
  4671 | D:4      | Reached skill level 5 in Fire Magic
  4671 | D:4      | Your scales start taking on a golden yellow colour.
  4671 | D:4      | Reached XP level 7. HP: 50/50 MP: 1/13
  4671 | D:4      | Gained mutation: You are resistant to acid. (rCorr) [Yellow
                  | Draconian growth]
  5145 | D:5      | Entered Level 5 of the Dungeon
  5211 | D:4      | Learned a level 3 spell: Conjure Flame
  5419 | D:5      | Noticed Pikel
  5875 | D:5      | Killed Pikel
  5876 | D:5      | Reached XP level 8. HP: 18/57 MP: 1/15
  6120 | D:5      | Reached skill level 5 in Conjurations
  6219 | D:5      | Reached skill level 5 in Spellcasting
  6219 | D:5      | Reached skill level 6 in Fire Magic
  6952 | D:6      | Reached skill level 5 in Evocations
  7093 | D:5      | Learned a level 3 spell: Inner Flame
  7096 | D:5      | Learned a level 2 spell: Call Imp
  7350 | D:6      | Reached skill level 1 in Summonings
  7558 | D:6      | Reached XP level 9. HP: 56/62 MP: 5/17
  7616 | D:6      | Noticed a manticore
  7637 | D:6      | Killed a manticore
  8163 | D:6      | Reached skill level 7 in Fire Magic
  8382 | D:6      | Found a staircase to the Ecumenical Temple.
  8505 | D:6      | Found a runed translucent door.
  8506 | D:6      | Noticed Crazy Yiuf
  8751 | Temple   | Entered the Ecumenical Temple
  8819 | Temple   | Became a worshipper of Vehumet
  9140 | D:7      | Found a broken altar of Ashenzari.
  9281 | D:7      | Noticed Dowan
  9283 | D:7      | Noticed Duvessa
  9303 | D:7      | Killed Duvessa
  9309 | D:7      | Killed Dowan
 10121 | D:7      | Gained mutation: You are dopey. (Int -2) [potion of
                  | mutation]
 10168 | D:8      | Reached * piety under Vehumet
 10168 | D:8      | Offered knowledge of Shock by Vehumet.
 10837 | D:8      | Reached XP level 10. HP: 58/69 MP: 20/20
 11279 | D:8      | Learned a level 4 spell: Flame Wave
 11287 | D:8      | Noticed Maggie
 11318 | D:8      | Killed Maggie
 11821 | D:8      | Reached skill level 8 in Fire Magic
 12105 | D:8      | Noticed Psyche
 12113 | D:8      | Killed Psyche
 12677 | D:9      | Slain by a vampire

Illustrated notes

Levels and vault maps discovered:
D:1:      amcnicky_arrival_double_pillar, layout_loops_ring,
          shapermc_ecumenical_altar_mp_vishouse
D:2:      layout_rooms, hangedman_glass_teeth, minmay_misc_feat_enclosed
D:3:      layout_loops_corners, serial_glass, glass_columns_c, glass_columns_a,
          cheibrodos_sewer_entry_bend, uniq_sigmund, uniq_jessica
D:4:      layout_loops_ring, gammafunk_ghost_arena, uniq_grinder
D:5:      layout_cave_pods, uniq_pikel
D:6:      layout_loops_ring, minmay_temple_entry_glass, uniq_crazy_yiuf_cottage
D:7:      layout_gridville, evilmike_ruin_ashenzari, uniq_duvessa
D:8:      layout_layer_cave, uniq_maggie, uniq_psyche
D:9:      layout_rooms, orc_0_dummy
Temple:   dpeg_three_leaves_temple

Skill      XL: |  1  2  3  4  5  6  7  8  9 10 |
---------------+-------------------------------+-----
Conjurations   | 2 3 4 5 7 |  7.9
Evocations     | 1 2 3 4 5 6 7 |  7.5
Spellcasting   | 3 4 5 6 7 |  7.4
Fire Magic     | 4 5 6 7 8 |  8.4
Summonings     | 1 2 |  2.9
Dodging        | |  1.7
Stealth        | |  1.7

Action                   |  1- 3 |  4- 6 |  7- 9 | 10-12 || total
-------------------------+-------+-------+-------+-------++-------
Melee: Unarmed           |     6 |       |       |       ||     6
       Staff             |    10 |     2 |    14 |       ||    26
       Tailslap          |     2 |       |     2 |       ||     4
 Cast: Foxfire           |    96 |    76 |   144 |    57 ||   373
       Scorch            |       |    30 |   107 |    43 ||   180
       Conjure Flame     |       |       |     4 |     1 ||     5
       Call Imp          |       |       |     9 |     2 ||    11
       Inner Flame       |       |       |     4 |     6 ||    10
       Flame Wave        |       |       |       |     2 ||     2
 Abil: Breathe Acid      |       |       |     4 |     2 ||     6
Evoke: Wand              |       |       |       |     2 ||     2
  Use: Potion            |       |     3 |     6 |     1 ||    10
       Scroll            |       |       |    11 |     3 ||    14
Armor: Skin              |    12 |     8 |    67 |    53 ||   140
Dodge: Dodged            |    24 |     7 |    99 |    69 ||   199

Table legend: (Time is in decaauts)
 A = Elapsed time spent in this place.
 B = Non-inter-level travel time spent in this place.
 C = Inter-level travel time spent in this place.
 D = Time resting spent in this place.
 E = Time spent auto-exploring this place.
 F = Levels seen in this place.
 G = Mean time per level.
                   A        B        C        D        E       F      G
               +--------+--------+--------+--------+--------+-----+--------+
         Total |  12706 |  12162 |    544 |   2461 |   7957 |  10 | 1270.6 |
       Dungeon |  12625 |  12094 |    531 |   2461 |   7902 |   9 | 1402.8 |
        Temple |     80 |     68 |     12 |      0 |     55 |   1 |   80.0 |
               +--------+--------+--------+--------+--------+-----+--------+

Top non-repeatable levels by time:
     D:8: 2330 daAuts
     D:5: 1917 daAuts
     D:3: 1633 daAuts
     D:6: 1576 daAuts
     D:4: 1417 daAuts
     D:7: 1236 daAuts
     D:1: 1178 daAuts
     D:2: 1107 daAuts
     D:9: 226 daAuts
  Temple: 80 daAuts
